 Dungeon Crawl Stone Soup version 0.31-a0-174-g85c54bcb58 (console) character file.

Game seed: 4150568038268109364

25 petzl the Sneak (level 3, -2/29 HPs)
             Began as a Formicid Delver on June 15, 2023.
             Slain by an orc
             ... wielding a +0 flail
              (8 damage)
             ... on level 4 of the Dungeon.
             The game lasted 00:04:18 (495 turns).

petzl the Sneak (Formicid Delver)                    Turns: 495, Time: 00:04:18

Health: -2/29      AC:  3    Str: 16    XL:     3   Next: 20%
Magic:  6/6        EV: 12    Int: 11    God:
Gold:   17         SH:  0    Dex: 15    Spells: 7/7 levels left

rFire   . . .        a - +0 mace
rCold   . . .        (no shield)
rNeg    + . .        b - +0 leather armour
rPois   .            (helmet unavailable)
rElec   .            (no cloak)
rCorr   .            (no gloves)
SInv    +            (no boots)
Will    .....        (no amulet)
Stlth   +++          g - ring of positive energy
HPRegen 0.24/turn    (no ring)
MPRegen 0.10/turn

%: no passive effects
@: no status effects
A: permanent stasis, dig shafts and tunnels, antennae 3, four strong arms
a: Dig, Shaft Self


You were on level 4 of the Dungeon.
You visited 1 branch of the dungeon, and saw 6 of its levels.

You collected 17 gold pieces.

Inventory:

Hand Weapons
 a - a +0 mace (weapon)
 h - a +0 short sword
Armour
 b - a +0 leather armour (worn)
Jewellery
 g - a ring of positive energy (left hand)
Wands
 f - a wand of digging (3)
Scrolls
 c - a scroll of fog
 d - 2 scrolls of revelation


   Skills:
 - Level 3.2 Fighting
 - Level 2.0 Maces & Flails
 - Level 1.7 Dodging
 - Level 6.0 Stealth
 + Level 2.6 Spellcasting


You had 7 spell levels left.
You didn't know any spells.
Your spell library was empty.

Dungeon Overview and Level Annotations

Branches:
Dungeon (8/15)
 Temple: D:4-7         Lair: D:8-11

Altars:
Zin

Annotations:
D:7 exclusion: downstairs


Innate Abilities, Weirdness & Mutations

You cannot be hasted, slowed, berserked, paralysed or teleported.
You can dig through walls and to a lower floor.
You have a pair of large antennae on your head. (SInv)
Your four strong arms can wield two-handed weapons with a shield.


Message History

Increase (S)trength, (I)ntelligence, or (D)exterity?
You feel clever. x2
You start resting.
You feel less confused.
You start resting.
Magic restored.
You start resting.
HP restored.
Things that are here:
a +0 dagger {!f =f}; a +0 robe; an orc corpse 2 orcs come into view.
Things that are here:
a +0 dagger {!f =f}; a +0 robe; an orc corpse
There is a stone staircase leading up here.
You climb upwards.
The orc barely misses you.
There is a stone staircase leading down here.
The goblin shouts!
The jackal barks!
The hobgoblin shouts! x2
You hear a shout!
The orc hits you with a +0 flail.
You hear a shout!
You climb downwards.
There is a stone staircase leading up here.
You hit the orc.
The orc is heavily wounded.
The orc closely misses you.
You closely miss the orc.
The orc is heavily wounded.
The orc misses you. The orc hits you with a +0 flail!
You closely miss the orc.
The orc is heavily wounded.
The orc hits you with a +0 flail!
You barely miss the orc.
The orc is heavily wounded.
The orc hits you with a +0 flail.
* * * LOW HITPOINT WARNING * * *
Okay, then.
You closely miss the orc.
The orc is heavily wounded.
The orc barely misses you. The orc hits you with a +0 flail!
You die...

#### #######.. {
#.......#
#.#####>###.#.
#..............
#.##.##.###.#..
#.##.##.# #........
{ #.#.###.## {
#.#.###.# #.......#
###.##### #.# o..
#.#### .o. #..o@# ..
####[# .. #.# .# #.#
.# #.#############.#
#...............#
####.####.##.##.####
#.........##.##.#
#.#..#.......##.#
#.#..#....#####.#
#.#.............#
#.#.......#######
#........##
###......# ########


You could see an orc.

Vanquished Creatures
  An orc wizard (D:4)
  A hobgoblin (D:4)
2 creatures vanquished.

Notes
Turn   | Place    | Note
-------+----------+-------------------------------------------
     0 | D:5      | petzl the Formicid Delver began the quest for the Orb.
     0 | D:5      | Reached XP level 1. HP: 18/18 MP: 1/1
    39 | D:8      | Noticed an unseen horror
    92 | D:7      | Noticed a centaur
   123 | D:6      | Found a glowing silver altar of Zin.
   232 | D:5      | Noticed an iguana
   331 | D:3      | Noticed an orc wizard
   348 | D:4      | Killed an orc wizard
   349 | D:4      | Reached XP level 2. HP: 7/24 MP: 1/5
   349 | D:4      | Reached XP level 3. HP: 8/29 MP: 1/6
   495 | D:4      | Slain by an orc

Illustrated notes

Levels and vault maps discovered:
D:3:      layout_loops_ring, serial_shops, shop, uniq_ijyb, uniq_robin
D:4:      layout_loops_cross, serial_shops, shop, shop, nicolae_square_shop,
          uniq_pikel
D:5:      layout_basic, gammafunk_temple_overflow_pools,
          mainiacjoe_overflow_big_doors, kennysheep_generic_room_6,
          uniq_duvessa, uniq_grinder, uniq_eustachio
D:6:      layout_basic, zin_statuary, minmay_temple_entry_antechambers
D:7:      layout_loops_corners, gammafunk_ghost_stat_death, kb_rosetta,
          uniq_maggie, uniq_menkaure
D:8:      layout_cave_pods

Skill      XL: |  1 |
---------------+----+-----
Spellcasting   | 2 |  2.6
Fighting       | |  3.2
Maces & Flails | |  2.0
Dodging        | |  1.7
Stealth        | |  6.0

Action                     || total
---------------------------++-------
  Melee: Mace              ||    19
    Use: Scroll            ||     1
  Dodge: Dodged            ||    14

Table legend: (Time is in decaauts)
 A = Elapsed time spent in this place.
 B = Non-inter-level travel time spent in this place.
 C = Inter-level travel time spent in this place.
 D = Time resting spent in this place.
 E = Time spent auto-exploring this place.
 F = Levels seen in this place.
 G = Mean time per level.
                   A        B        C        D        E       F      G
               +--------+--------+--------+--------+--------+-----+--------+
         Total |    501 |    501 |      0 |    102 |      8 |   6 |   83.5 |
       Dungeon |    501 |    501 |      0 |    102 |      8 |   6 |   83.5 |
               +--------+--------+--------+--------+--------+-----+--------+

Top non-repeatable levels by time:
     D:4: 197 daAuts
     D:6: 106 daAuts
     D:7: 93 daAuts
     D:5: 91 daAuts
     D:3: 8 daAuts
     D:8: 3 daAuts
